TKirby, neutral female human Wizard --------- ------------- |........ |`.........`- |....)..| |.....`. |....<...#############|.%.----- |.......| #....|.{.| --------- |..`|{.{| | |..F|.{.| .| |..@-.---...- |....f`.....| |`.........`| ------------- TKirby the Conjurer Experience level: 4 Strength: 10 Dexterity: 13 Constitution: 13 Intelligence: 18 Wisdom: 10 Charisma: 13 Health: 0(21) Energy: 47(47) Def: 1 Gold: 305 Moves: 1778 Dungeon seed: 1rk-Rfha78vCAonU Game ID: TKirby_1505135742 Your Inventory: Coins $ - 305 gold pieces Weapons a - a blessed +1 quarterstaff (weapon in hands) Armor e - an uncursed +0 cloak of magic resistance (being worn) Comestibles o - an uncursed food ration Scrolls h - an uncursed scroll of gold detection i - a blessed scroll of enchant weapon j - an uncursed scroll of identify t - an uncursed scroll of teleportation u - a blessed scroll of enchant armor w - an uncursed scroll of blank paper Spellbooks k - a blessed spellbook of force bolt l - an uncursed spellbook of detect unseen Potions f - 2 uncursed potions of invisibility p - an uncursed potion of levitation r - a blessed potion of see invisible Rings c - a blessed +2 ring of gain constitution (on left hand) m - an uncursed ring of sustain ability Wands b - a wand of fire (0:5) Tools v - an uncursed mirror Spells and supernatural/magical abilities: Name Level Category Fail Memory a - force bolt 1 attack 0% 92% U - detect unseen 3 divination 85% 92% W - pray for help -- divine ? -- Your skills at the end: Fighting Skills Weapon Skills quarterstaff [Basic] Spellcasting Skills attack spells [Basic] enchantment spells [Basic] Final Attributes: You were piously aligned. You were magic-protected. You are dead. Vanquished creatures: a floating eye a homunculus 2 dwarf zombies an iguana a green mold 2 gnome zombies 2 geckos 7 jackals 3 kobolds a sewer rat 4 grid bugs 3 lichens 3 newts 31 creatures vanquished. Voluntary challenges: You were vegetarian. You were an atheist. You used a wielded weapon 28 times, starting on turn 16. You were illiterate. You never genocided any monsters. You never polymorphed an object. You never changed form. You used no wishes. You never split a pudding. You never wrote Elbereth's name. You never violated your personal moral code. Dungeon overview: The Dungeons of Doom: levels 1 to 5 Level 1 a sink a long staircase Level 2 Level 3 a potion shop, a fountain Level 4 Level 5 <- You were here many fountains History has recorded: On T:1 you entered the Dungeons of Doom to retrieve the Amulet of Yendor! On T:197 you reached level 2 of The Dungeons of Doom. On T:578 you advanced to experience level 2. On T:794 you reached level 3 of The Dungeons of Doom. On T:858 you reached level 4 of The Dungeons of Doom. On T:1041 you advanced to experience level 3. On T:1703 you reached level 5 of The Dungeons of Doom. On T:1736 you advanced to experience level 4. Score breakdown: Gold: 305 ( 8455 points) Experience: 4 levels ( 9649 points) Exploration: 5 levels ( 10.00%) ( 8571 points) Discoveries: 0 items ( 0.00%) ( 0 points) Valuables value: (no points given unless you survive) Artifact value: 0 ( 0 points) Variety of kills: 13 monsters ( 3.41%) ( 5541 points) Turncount: 1778 turns ( 0 points) Survival: died (score multiplied by 80%) Total score: 25772 Latest messages: You kill the homunculus! Welcome to experience level 4. You see here a homunculus corpse. You displace maple. You miss the brown mold. You are suddenly very cold! You see a door open. You see here a statue of a mountain centaur. You are beginning to feel hungry. That food really hit the spot! You finish eating the food ration. You see here a statue of a mountain centaur. You hear some noises. You displace maple. You see here a statue of a plains centaur. "Hello, TKirby, welcome to Delphi!" You attract a water nymph! The water nymph stole a blessed +3 ring of protection. <"Wilt thou settle for a minor consultation?" (50 zorkmids) [ynq]: q> You displace maple. You hit the brown mold! You are suddenly very cold! You die... Final status: Goodbye TKirby the Wizard, killed by a brown mold... You died in The Dungeons of Doom on dungeon level 5 with 25772 points, and 305 pieces of gold, after 1778 moves. You were level 4 with a maximum of 21 hit points when you died.